[Event "ICC tourney 2045 (75 10)"]
[Site "Internet Chess Club"]
[Date "2020.10.10"]
[Round "3"]
[White "HemingLiu"]
[Black "dynamic-lucy"]
[Result "1-0"]
[ICCResult "Black checkmated"]
[WhiteElo "805"]
[BlackElo "955"]
[Opening "Scotch game"]
[ECO "C45"]
[NIC "SO.05"]
[Time "14:46:47"]
[TimeControl "4500+10"]

1. e4 e5 2. Nf3 Nc6 3. d4 exd4 4. Nxd4 Bc5 5. Be3 Nf6 6. Nxc6 bxc6 7. Bxc5
d6 8. Bd4 Qe7 9. Nc3 c5 10. Bb5+ Bd7 11. Bxd7+ Qxd7 12. Bxf6 gxf6 13. Nd5
Qd8 14. O-O c6 15. Nf4 Rb8 16. b3 Rb4 17. c4 Qd7 18. Nh5 Qe6 19. Re1 O-O 20.
Nf4 Qe5 21. Qg4+ Kh8 22. Nh5 Rg8 23. Qh4 Rg6 24. Rad1 Rh6 25. g4 Rb8 26. f4
Qxf4 27. Nxf4 Rxh4 28. h3 Rd8 29. a3 Kg8 30. b4 cxb4 31. axb4 Kf8 32. Kg2
Rh6 33. Kg3 f5 34. exf5 Rf6 35. b5 cxb5 36. cxb5 Rb8 37. Rb1 Rd8 38. b6 a5
39. b7 Rb8 40. Nd5 Rh6 41. Re4 Kg8 42. Rc4 Kg7 43. Rc8 Rxb7 44. Rxb7 Rh5 45.
gxh5 Kh6 46. Rxf7 Kxh5 47. Rxh7+ Kg5 48. Ra8 Kxf5 49. Rxa5 Ke4 50. h4 Kd4
51. Nf6 Kd3 52. h5 Ke2 53. h6 Kf1 54. Ra2 Kg1 55. Ra1# {Black checkmated}
1-0

[Event "ICC tourney 2045 (75 10)"]
[Site "Internet Chess Club"]
[Date "2020.10.10"]
[Round "3"]
[White "andrewj508"]
[Black "AJRChess2011"]
[Result "0-1"]
[ICCResult "White checkmated"]
[WhiteElo "1100"]
[BlackElo "1297"]
[Opening "Sicilian: Grand Prix attack"]
[ECO "B23"]
[NIC "SI.44"]
[Time "14:46:49"]
[TimeControl "4500+10"]

1. e4 c5 2. Nc3 Nc6 3. f4 e6 4. Bc4 Nge7 5. d3 Na5 6. Bb3 Nxb3 7. axb3 Nc6
8. Nf3 Be7 9. O-O O-O 10. Qe1 d5 11. Qg3 Nb4 12. f5 Kh8 13. Bg5 Nxc2 14.
Rac1 Nb4 15. Rfd1 f6 16. Bf4 exf5 17. e5 Qb6 18. Na4 Qb5 19. Nc3 Qe8 20.
exf6 Bxf6 21. Re1 Qf7 22. Ne5 Qh5 23. Rcd1 g5 24. Bd2 f4 25. Qf2 Bxe5 26.
Qxc5 Bh3 27. Rxe5 Qg4 28. Qf2 Nxd3 29. Qf1 Nxe5 30. Nxd5 f3 31. Bc3 f2+ 32.
Kh1 Bxg2+ 33. Qxg2 Qxd1+ 34. Qf1 Qxf1# {White checkmated} 0-1

[Event "ICC tourney 2045 (75 10)"]
[Site "Internet Chess Club"]
[Date "2020.10.10"]
[Round "3"]
[White "lucachesschess"]
[Black "zbashar"]
[Result "0-1"]
[ICCResult "White checkmated"]
[WhiteElo "1227"]
[BlackElo "1174"]
[Opening "French: Winawer, advance, 6...Ne7"]
[ECO "C18"]
[NIC "FR.11"]
[Time "14:46:41"]
[TimeControl "4500+10"]

1. d4 e6 2. e4 d5 3. Nc3 Bb4 4. e5 c5 5. a3 Bxc3+ 6. bxc3 Ne7 7. Bd3 Nbc6 8.
Qg4 c4 9. Be2 Nf5 10. Nh3 Qa5 11. Bd2 O-O 12. Nf4 Bd7 13. h4 f6 14. exf6
Rxf6 15. Qf3 Raf8 16. g3 Nd6 17. O-O Nxd4 18. cxd4 Qxd2 19. Rad1 Qxc2 20.
Rfe1 Nf5 21. Qh1 Qc3 22. Bg4 Nxg3 23. Qh3 Rxf4 24. fxg3 Rxd4 25. Bxe6+ Kh8
26. Bxd7 Rxd1 27. Rxd1 Qe3+ 28. Kh2 Qe2+ 29. Qg2 Rf2 30. Rg1 Rxg2+ 31. Rxg2
Qf3 32. Kh3 c3 33. Rc2 Qh1+ 34. Rh2 Qxh2+ 35. Kxh2 c2 36. Be6 c1=Q 37. Bxd5
Qd2+ 38. Bg2 g6 39. Kh3 Kg7 40. Kh2 Kf6 41. Kh3 Kf5 42. Kh2 Qb2 43. Kh3 h6
44. Kh2 Kg4 45. Kh1 Qf2 46. Kh2 Qxg3+ 47. Kh1 Qxh4+ 48. Kg1 Kg3 49. Bh3 Qxh3
50. a4 Qg2# {White checkmated} 0-1

[Event "ICC tourney 2045 (75 10)"]
[Site "Internet Chess Club"]
[Date "2020.10.10"]
[Round "3"]
[White "SreeVSundaram"]
[Black "JCJ2018"]
[Result "1-0"]
[ICCResult "Black checkmated"]
[WhiteElo "804"]
[BlackElo "1009"]
[Opening "QGD Slav/Grünfeld: Schlechter variation"]
[ECO "D15"]
[NIC "SL.03"]
[Time "14:46:40"]
[TimeControl "4500+10"]

1. d4 d5 2. c4 Nf6 3. Nc3 c6 4. Nf3 g6 5. Bf4 Bg7 6. e3 Be6 7. c5 O-O 8. Be2
Nbd7 9. O-O h6 10. Rc1 Nh5 11. Bg3 Nxg3 12. hxg3 b6 13. b4 bxc5 14. bxc5 Qa5
15. Qa4 Qxa4 16. Nxa4 Rab8 17. Rb1 Bg4 18. Bd3 Bxf3 19. gxf3 e5 20. dxe5
Nxe5 21. Be2 Nc4 22. Bxc4 dxc4 23. Rfd1 Rb5 24. Rbc1 Rb4 25. Nc3 Bxc3 26.
Rxc3 Rfb8 27. Kg2 R8b5 28. Rd8+ Kg7 29. Ra8 Rxc5 30. Rxa7 Rb1 31. Ra4 Rh5
32. Rcxc4 Rhh1 33. f4 Rhc1 34. Kf3 Rxc4 35. Rxc4 Rb6 36. Ke4 Kf6 37. g4 Ke6
38. Kd4 Kd6 39. e4 c5+ 40. Ke3 f6 41. Kf3 g5 42. fxg5 hxg5 43. Ke3 Rb4 44.
Rxb4 cxb4 45. Kd4 Kc6 46. Kc4 Kd6 47. Kxb4 Ke5 48. a4 Kd6 49. Kb5 Kc7 50.
Kc5 Kb7 51. Kd6 Ka6 52. Ke6 Ka5 53. Kxf6 Kxa4 54. e5 Kb5 55. e6 Kc6 56. Kf7
Kd6 57. e7 Kd5 58. e8=Q Kd4 59. Qe6 Kd3 60. Qe5 Kd2 61. Qe4 Kc3 62. Qd5 Kc2
63. Qd4 Kb3 64. Qc5 Kb2 65. Qc4 Ka3 66. Qb5 Ka2 67. Ke6 Ka3 68. Kd5 Ka2 69.
Kc4 Ka1 70. Kc3 Ka2 71. Qb2# {Black checkmated} 1-0

[Event "ICC tourney 2045 (75 10)"]
[Site "Internet Chess Club"]
[Date "2020.10.10"]
[Round "3"]
[White "Davide25"]
[Black "akumarum"]
[Result "1-0"]
[ICCResult "Black resigns"]
[WhiteElo "1168"]
[BlackElo "1048"]
[Opening "QGD: Marshall defense"]
[ECO "D06"]
[NIC "QP.08"]
[Time "14:47:01"]
[TimeControl "4500+10"]

1. d4 d5 2. c4 Nf6 3. cxd5 Nxd5 4. e4 Nb6 5. Nf3 e6 6. Nc3 Bb4 7. Bd3 O-O 8.
O-O Bxc3 9. bxc3 Nc6 10. Qc2 Re8 11. Bf4 Qf6 12. Bxc7 Bd7 13. Bxb6 axb6 14.
e5 Qe7 15. Bxh7+ Kf8 16. Bd3 Rac8 17. Qb2 f6 18. exf6 Qxf6 19. Rfe1 Ne7 20.
Ne5 Red8 21. Nxd7+ Rxd7 22. Rac1 Rc6 23. Bb5 Rdc7 24. Bxc6 Rxc6 25. Qe2 Ke8
26. Qe5 Qf7 27. Qb8+ Kd7 28. Qxb7+ Rc7 29. Qf3 Qg6 30. Qe4 Qf6 31. Qe5 Qg6
32. Qb5+ Rc6 33. Qe2 Qf6 34. c4 Qg6 35. Rcd1 Qf6 36. d5 exd5 37. cxd5 Rd6
38. Qb5+ Kc7 39. Rc1+ Kb7 {Black resigns} 1-0

[Event "ICC tourney 2045 (75 10)"]
[Site "Internet Chess Club"]
[Date "2020.10.10"]
[Round "3"]
[White "MYMChessWyatt"]
[Black "sganesh2004"]
[Result "0-1"]
[ICCResult "White checkmated"]
[WhiteElo "1186"]
[BlackElo "1082"]
[Opening "Scandinavian (center counter) defense"]
[ECO "B01"]
[NIC "VO.17"]
[Time "14:46:53"]
[TimeControl "4500+10"]

1. e4 d5 2. exd5 Qxd5 3. Nf3 Bg4 4. Be2 Nf6 5. d4 Nc6 6. c4 Qd6 7. Nc3 Bxf3
8. Bxf3 Nxd4 9. O-O O-O-O 10. Be3 Nxf3+ 11. Qxf3 a6 12. Rad1 Qc6 13. Rxd8+
Kxd8 14. Rd1+ Kc8 15. Qe2 e5 16. Nd5 h6 17. Nxf6 gxf6 18. Qg4+ Qe6 19. Qe2
f5 20. a3 Bd6 21. c5 Be7 22. b4 f4 23. Bc1 Rg8 24. a4 Qg4 25. f3 Qe6 26. Qc2
Rd8 27. Re1 Bh4 28. Re2 Qg6 29. Qb2 Rd1+ 30. Re1 Rxe1# {White checkmated}
0-1

[Event "ICC tourney 2045 (75 10)"]
[Site "Internet Chess Club"]
[Date "2020.10.10"]
[Round "3"]
[White "VinaySridhar"]
[Black "Captcha"]
[Result "0-1"]
[ICCResult "White checkmated"]
[WhiteElo "1043"]
[BlackElo "939"]
[Opening "QGD Slav defense"]
[ECO "D10"]
[NIC "SL.01"]
[Time "14:47:34"]
[TimeControl "4500+10"]

1. d4 d5 2. c4 c6 3. Nc3 dxc4 4. e3 b5 5. a4 Bd7 6. Qf3 Qa5 7. Bd2 bxa4 8.
Nxa4 Qd5 9. Qe2 Na6 10. Qxc4 Qxc4 11. Bxc4 Nc7 12. Nf3 e6 13. O-O Nf6 14.
Ba5 Ncd5 15. Bxd5 cxd5 16. Ne5 Bd6 17. Nxd7 Kxd7 18. f3 Rab8 19. Rf2 Ne8 20.
Rc2 Rc8 21. Rxc8 Kxc8 22. Rc1+ Kd7 23. Be1 Nf6 24. Bg3 Bxg3 25. hxg3 Rc8 26.
Nc5+ Kd8 27. Ra1 Ra8 28. Nb7+ Kc7 29. Nc5 Nd7 30. Nxd7 Kxd7 31. Kh2 Kc7 32.
Kh3 Kb7 33. Rc1 Rc8 34. Rxc8 Kxc8 35. Kg4 Kb7 36. Kf4 Kc6 37. e4 dxe4 38.
Kxe4 a5 39. Kd3 Kb5 40. Kc3 a4 41. g4 g5 42. g3 f6 43. f4 gxf4 44. gxf4 h6
45. b3 a3 46. Kc2 Kb4 47. f5 exf5 48. gxf5 h5 49. d5 Kc5 50. b4+ Kxd5 51.
Kb3 h4 52. Kxa3 h3 53. Ka4 h2 54. b5 h1=Q 55. Ka5 Qa1+ 56. Kb6 Qa4 57. Kc7
Qxb5 58. Kc8 Qc6+ 59. Kd8 Qb7 60. Ke8 Ke5 61. Kd8 Kd6 62. Ke8 Qe7#
{White checkmated}
0-1

[Event "ICC tourney 2045 (75 10)"]
[Site "Internet Chess Club"]
[Date "2020.10.10"]
[Round "3"]
[White "EdwardS"]
[Black "RahulPeesa"]
[Result "0-1"]
[ICCResult "White checkmated"]
[WhiteElo "1003"]
[BlackElo "1168"]
[Opening "QGD: exchange, positional line"]
[ECO "D35"]
[NIC "QO.16"]
[Time "14:47:16"]
[TimeControl "4500+10"]

1. d4 d5 2. c4 e6 3. Nc3 Nf6 4. cxd5 exd5 5. Bg5 Be7 6. e3 c6 7. Bd3 Nbd7 8.
Nge2 O-O 9. Qc2 h6 10. Bh4 Re8 11. O-O Qc7 12. f3 a6 13. a4 Bd6 14. e4 dxe4
15. fxe4 Bxh2+ 16. Kh1 Ng4 17. Rf3 Bd6 18. e5 Be7 19. Nd5 Qd8 20. Nxe7+ Rxe7
21. Bxe7 Qxe7 22. Nf4 Qh4+ 23. Nh3 Nb6 24. Raf1 Be6 25. Bf5 Bd5 26. Be4 Bxe4
27. Qb3 Bxf3 28. Qxf3 Rf8 29. Qb3 Nd5 30. Qf3 Nge3 31. Rf2 Qxd4 32. e6 Qd1+
33. Qxd1 Nxd1 34. exf7+ Rxf7 35. Rd2 Rf1+ 36. Kh2 N1e3 37. Re2 Rb1 38. Nf2
Nf1+ 39. Kg1 Ng3+ 40. Kh2 Nxe2 41. Nd3 g5 42. Nf2 h5 43. Ne4 g4 44. Ng3 h4
45. Nxe2 g3+ 46. Kh3 Rh1+ 47. Kg4 Ne3+ 48. Kf3 Nf5 49. Kg4 h3 50. Nxg3 Nxg3
51. Kxg3 hxg2 52. Kxg2 Rb1 53. Kf3 Rxb2 54. Ke4 Kf7 55. Kd3 Ra2 56. Kc4
Rxa4+ 57. Kc5 b5 58. Kxc6 b4 59. Kb6 b3 60. Kc5 b2 61. Kb6 b1=R+ 62. Kc5 Ra2
63. Kd4 Rb3 64. Kc4 Rh3 65. Kd4 Rg2 66. Ke4 Rg4+ 67. Kf5 Ra4 68. Kg5 Rb3 69.
Kf5 Rb5# {White checkmated} 0-1

[Event "ICC tourney 2045 (75 10)"]
[Site "Internet Chess Club"]
[Date "2020.10.10"]
[Round "3"]
[White "JMConklin"]
[Black "FiveTimesNo"]
[Result "1-0"]
[ICCResult "Black checkmated"]
[WhiteElo "922"]
[BlackElo "1032"]
[Opening "Sicilian: dragon variation"]
[ECO "B70"]
[NIC "SI.15"]
[Time "14:47:00"]
[TimeControl "4500+10"]

1. e4 c5 2. Nf3 d6 3. d4 cxd4 4. Nxd4 Nf6 5. Nc3 g6 6. Bb5+ Bd7 7. Be3 Bg7
8. Qd2 O-O 9. O-O-O a6 10. Bxd7 Qxd7 11. h3 Nc6 12. g4 Ne5 13. g5 Nh5 14.
Nd5 Qd8 15. Nf4 Nxf4 16. Bxf4 Rc8 17. h4 Nc4 18. Qe2 b5 19. h5 Qa5 20. Kb1
Qb4 21. c3 Na3+ 22. Ka1 Rxc3 23. bxc3 Qxc3+ 24. Qb2 Nc2+ 25. Kb1 Qxb2+ 26.
Kxb2 Nxd4 27. Kb1 Ne2 28. Bd2 gxh5 29. Rxh5 Nc3+ 30. Bxc3 Bxc3 31. Rdh1 Kg7
32. Rxh7+ Kg6 33. f4 e6 34. R1h6# {Black checkmated} 1-0

[Event "ICC tourney 2045 (75 10)"]
[Site "Internet Chess Club"]
[Date "2020.10.10"]
[Round "3"]
[White "oliver-kc"]
[Black "MGrei"]
[Result "0-1"]
[ICCResult "White checkmated"]
[WhiteElo "762"]
[BlackElo "1174"]
[Opening "Sicilian defense"]
[ECO "B30"]
[NIC "SI.31"]
[Time "14:46:52"]
[TimeControl "4500+10"]

1. e4 c5 2. Nf3 Nc6 3. g3 d6 4. Bg2 Nf6 5. d3 g6 6. O-O Bg7 7. Nc3 O-O 8.
Be3 Bd7 9. Qd2 Ng4 10. d4 cxd4 11. Bxd4 Nxd4 12. Nxd4 Qb6 13. Nb3 Ne5 14.
Qd4 Nf3+ 15. Bxf3 Bxd4 16. Nd5 Bxf2+ 17. Rxf2 Qd8 18. c4 Rc8 19. Rc1 Be6 20.
c5 Bxd5 21. exd5 dxc5 22. Bg4 Rc7 23. Rd2 Qd6 24. Na5 Qb6 25. Nc4 Qb4 26. a3
Qa4 27. b3 Qxb3 28. Bd1 Qb5 29. Ne5 f6 30. Be2 Qe8 31. Nc4 b5 32. d6 exd6
33. Nxd6 Qe3+ 34. Kf1 Qxd2 35. Rd1 Qxd1+ 36. Bxd1 Rd7 37. Bb3+ c4 38. Nxc4
bxc4 39. Bxc4+ Kg7 40. Ke2 Re8+ 41. Kf3 Rc8 42. Be6 Rc3+ 43. Ke4 Re7 44. Kd5
Rxe6 45. Kxe6 Rxa3 46. Kd5 Ra2 47. h4 Rg2 48. Kc6 Rxg3 49. Kd5 Rg4 50. Ke6
Rxh4 51. Kd5 a5 52. Kc5 a4 53. Kb5 a3 54. Kc5 a2 55. Kb5 a1=Q 56. Kb6 Qd4+
57. Kb7 Qd7+ 58. Ka6 Rb4 59. Ka5 Qa4# {White checkmated} 0-1

[Event "ICC tourney 2045 (75 10)"]
[Site "Internet Chess Club"]
[Date "2020.10.10"]
[Round "3"]
[White "boxingguy2469x"]
[Black "ABecker755"]
[Result "0-1"]
[ICCResult "White resigns"]
[WhiteElo "1133"]
[BlackElo "1291"]
[Opening "French: advance, Nimzovich system"]
[ECO "C02"]
[NIC "FR.03"]
[Time "14:47:34"]
[TimeControl "4500+10"]

1. e4 e6 2. d4 d5 3. e5 c5 4. Nf3 Nc6 5. Bb5 Bd7 6. b3 Nxe5 7. Bxd7+ Nxd7 8.
Bb2 Ngf6 9. O-O Bd6 10. Re1 cxd4 11. Bxd4 Qc7 12. Nc3 O-O 13. Nb5 Qc6 14.
Nxa7 Qa6 15. Qd3 Qxd3 16. cxd3 Bc5 17. Nb5 Ra5 18. Bxc5 Nxc5 19. b4 Rxb5 20.
bxc5 Rxc5 21. Rab1 Rb8 22. Rb2 Nd7 23. Reb1 f6 24. a4 Rbc8 25. g3 Rc1+ 26.
Rxc1 Rxc1+ 27. Kg2 Rc7 28. Nd4 Ne5 29. Rb3 Kf7 30. Nb5 Rd7 31. f4 Nc6 32.
Kf3 e5 33. Nc3 Nd4+ 34. Ke3 Nxb3 {White resigns} 0-1

[Event "ICC tourney 2045 (75 10)"]
[Site "Internet Chess Club"]
[Date "2020.10.10"]
[Round "3"]
[White "DaveGriffin"]
[Black "nb12"]
[Result "0-1"]
[ICCResult "White resigns"]
[WhiteElo "798"]
[BlackElo "1213"]
[Opening "Evans gambit"]
[ECO "C51"]
[NIC "IG.05"]
[Time "14:46:46"]
[TimeControl "4500+10"]

1. e4 e5 2. Nf3 Nc6 3. Bc4 Bc5 4. b4 Bxb4 5. c3 Bc5 6. d4 exd4 7. cxd4 Bb4+
8. Nbd2 d6 9. O-O Nf6 10. Qb3 O-O 11. Ng5 Qe7 12. Ndf3 Ba5 13. e5 dxe5 14.
dxe5 Ng4 15. Qd3 g6 16. Bb2 Ngxe5 17. Nxe5 Nxe5 18. Qe3 Nc6 19. Qg3 h6 20.
Ne4 Qxe4 21. Bb3 Be6 22. Bd1 Rad8 23. Bf3 Qf5 24. h3 Qg5 25. Qxg5 hxg5 26.
Bf6 Rd2 27. Bxg5 Rxa2 28. Rxa2 Bxa2 29. Bxc6 bxc6 30. Ra1 Re8 31. Rxa2 Bb6
32. Kh2 Re6 33. f3 Kg7 34. Ra4 c5 35. Bc1 Re2 36. Rc4 Kf6 37. Rf4+ Ke6 38.
Ba3 f5 39. Rh4 Kd5 40. Rh6 Re6 41. Bc1 c4 42. Rh8 c3 43. g4 c2 44. Rd8+ Kc4
45. Rd2 Kc3 46. Kg3 Be3 47. Re2 Kd3 48. gxf5 gxf5 49. Rxe3+ Rxe3 50. h4 Re1
51. Ba3 c1=Q 52. Bxc1 Rxc1 53. Kf4 Rf1 54. h5 Ke2 55. h6 Rxf3+ 56. Kg5 Rh3
57. Kg6 f4 {White resigns} 0-1

[Event "ICC tourney 2045 (75 10)"]
[Site "Internet Chess Club"]
[Date "2020.10.10"]
[Round "4"]
[White "Captcha"]
[Black "andrewj508"]
[Result "0-1"]
[ICCResult "White resigns"]
[WhiteElo "827"]
[BlackElo "1109"]
[Opening "KP: Patzer opening"]
[ECO "C20"]
[NIC "KP.10"]
[Time "18:32:41"]
[TimeControl "4500+10"]

1. e4 e5 2. Qh5 Nc6 3. Bc4 g6 4. Qd1 Nf6 5. d3 Bg7 6. Bg5 d6 7. Qd2 h6 8.
Bh4 a6 9. a3 b5 10. Ba2 Bb7 11. Nc3 Nd4 12. Nge2 Nxe2 13. Qxe2 Qd7 14. O-O-O
a5 15. Nb1 Nh5 16. f3 Nf4 17. Qd2 h5 18. Qf2 Bh6 19. Nd2 Qc6 20. Kb1 b4 21.
Nc4 bxa3 22. Nxa3 Bc8 23. Bd5 Nxd5 24. exd5 Qxd5 25. Rhe1 Be6 26. Nc4 a4 27.
c3 Bf5 28. Qe2 Qxc4 {White resigns} 0-1

[Event "ICC tourney 2045 (75 10)"]
[Site "Internet Chess Club"]
[Date "2020.10.10"]
[Round "4"]
[White "temporarydanger"]
[Black "ZebraGamer"]
[Result "1-0"]
[ICCResult "Black checkmated"]
[WhiteElo "1152"]
[BlackElo "146"]
[Opening "Ruy Lopez: modern Steinitz defense, Three knights variation"]
[ECO "C62"]
[NIC "RL.02"]
[Time "18:32:42"]
[TimeControl "4500+10"]

1. e4 e5 2. Nf3 Nc6 3. Bb5 d6 4. Nc3 a6 5. Ba4 b5 6. Bb3 Nd4 7. Bd5 Rb8 8.
d3 f6 9. Nh4 Ne7 10. O-O f5 11. Bg5 h6 12. Bxe7 Bxe7 13. Qh5+ Kf8 14. Qf7#
{Black checkmated}
1-0

[Event "ICC tourney 2045 (75 10)"]
[Site "Internet Chess Club"]
[Date "2020.10.10"]
[Round "4"]
[White "Alberttheshow"]
[Black "oxdidi"]
[Result "0-1"]
[ICCResult "White checkmated"]
[WhiteElo "550"]
[BlackElo "1087"]
[Opening "Giuoco Piano"]
[ECO "C54"]
[NIC "IG.02"]
[Time "18:33:32"]
[TimeControl "4500+10"]

1. e4 e5 2. Nf3 Nc6 3. Bc4 Bc5 4. c3 Nf6 5. d4 exd4 6. cxd4 Bb4+ 7. Bd2
Bxd2+ 8. Nbxd2 O-O 9. O-O Re8 10. Re1 d6 11. d5 Ne7 12. Nb3 Bg4 13. h3 Bh5
14. g4 Bg6 15. Qe2 Qd7 16. e5 dxe5 17. Nxe5 Qd6 18. Nxg6 Nxg6 19. Qf3 Nh4
20. Qg3 Qxg3+ 21. fxg3 Nf3+ 22. Kf2 Nxe1 23. Rxe1 Rxe1 24. Kxe1 Rd8 25. Nc5
b6 26. Nb7 Nxd5 27. Bxd5 Rxd5 28. Ke2 Re5+ 29. Kf3 Re8 30. b3 Rb8 31. Na5
bxa5 32. a3 Rxb3+ 33. Ke4 Rxa3 34. Kf4 Rd3 35. h4 a4 36. Ke4 Rd8 37. Ke3 a3
38. h5 a2 39. g5 a1=Q 40. h6 g6 41. g4 c5 42. Ke2 c4 43. Ke3 c3 44. Ke2 c2
45. Ke3 c1=N 46. Kf3 Qa4 47. Ke3 Rd3+ 48. Kf2 Qc2+ 49. Ke1 Rd1#
{White checkmated}
0-1

[Event "ICC tourney 2045 (75 10)"]
[Site "Internet Chess Club"]
[Date "2020.10.10"]
[Round "4"]
[White "JCJ2018"]
[Black "LucasW2014"]
[Result "1-0"]
[ICCResult "Black checkmated"]
[WhiteElo "1046"]
[BlackElo "1080"]
[Opening "Four knights: Spanish, classical defense"]
[ECO "C48"]
[NIC "KP.03"]
[Time "18:32:42"]
[TimeControl "4500+10"]

1. e4 e5 2. Nf3 Nc6 3. Bb5 Nf6 4. Nc3 Bc5 5. d3 O-O 6. Bxc6 dxc6 7. Nxe5 Qd4
8. Be3 Qxe5 9. d4 Qe7 10. dxc5 Nxe4 11. Nxe4 Qxe4 12. O-O Be6 13. Qd3 Qe5
14. Qd4 Qxd4 15. Bxd4 Rad8 16. Be3 b6 17. cxb6 cxb6 18. Rad1 Bxa2 19. b3 c5
20. Ra1 c4 21. Rxa2 cxb3 22. cxb3 Ra8 23. Rfa1 Rfd8 24. h3 Rd7 25. Bxb6 Rb7
26. Rxa7 Raxa7 27. Rxa7 Rxa7 28. Bxa7 f6 29. b4 Kf7 30. b5 Ke7 31. b6 Kd8
32. b7 Kc7 33. b8=Q+ Kc6 34. Qb4 Kc7 35. Qb6+ Kc8 36. Bb8 Kd7 37. Qd6+ Ke8
38. Qe6+ Kd8 39. Kf1 f5 40. Ke2 g5 41. Kd3 h5 42. Kd4 h4 43. Kd5 g4 44. Kd6
g3 45. Qd7# {Black checkmated} 1-0

[Event "ICC tourney 2045 (75 10)"]
[Site "Internet Chess Club"]
[Date "2020.10.10"]
[Round "4"]
[White "BArkadia"]
[Black "Artush04"]
[Result "1-0"]
[ICCResult "Black checkmated"]
[WhiteElo "1196"]
[BlackElo "808"]
[Opening "Four knights: Italian variation"]
[ECO "C55"]
[NIC "IG.01"]
[Time "18:32:38"]
[TimeControl "4500+10"]

1. e4 e5 2. Nf3 Nc6 3. Bc4 Nf6 4. Nc3 d6 5. h3 Be6 6. Bxe6 fxe6 7. d4 exd4
8. Nxd4 Nxd4 9. Qxd4 c5 10. Qa4+ Qd7 11. Nb5 Rc8 12. Bg5 Be7 13. e5 dxe5 14.
Rd1 Qc6 15. Bxf6 Bxf6 16. Nd6+ Ke7 17. Nxc8+ Qxc8 18. O-O a6 19. f4 Rd8 20.
fxe5 Bxe5 21. Qh4+ Bf6 22. Rxf6 gxf6 23. Qxh7+ Ke8 24. Qg8+ Ke7 25. Rxd8
Qxd8 26. Qxd8+ Kxd8 27. Kf2 b5 28. Ke3 Kd7 29. Ke4 Kd6 30. g4 b4 31. h4 Ke7
32. h5 Kf7 33. Kf4 a5 34. b3 Kg7 35. Ke4 Kh6 36. Kf4 Kg7 37. g5 fxg5+ 38.
Kxg5 Kh7 39. Kf6 Kh6 40. Kxe6 Kxh5 41. Kd5 Kg4 42. Kxc5 Kf3 43. Kb5 Ke2 44.
Kxa5 Kd2 45. Kxb4 Kxc2 46. a4 Kb2 47. a5 Ka2 48. a6 Ka1 49. a7 Kb2 50. a8=Q
Kc2 51. Qc6+ Kb2 52. Qg2+ Ka1 53. Kc3 Kb1 54. Qb2# {Black checkmated} 1-0

[Event "ICC tourney 2045 (75 10)"]
[Site "Internet Chess Club"]
[Date "2020.10.10"]
[Round "4"]
[White "zbashar"]
[Black "RahulPeesa"]
[Result "1-0"]
[ICCResult "Black checkmated"]
[WhiteElo "1158"]
[BlackElo "1121"]
[Opening "Caro-Kann: Goldman (Spielmann) variation"]
[ECO "B11"]
[NIC "CK.01"]
[Time "18:33:01"]
[TimeControl "4500+10"]

1. e4 c6 2. Nc3 d5 3. Qf3 dxe4 4. Nxe4 Nd7 5. d4 Ngf6 6. c3 Nxe4 7. Qxe4 Nf6
8. Qf4 Bg4 9. Bd3 e6 10. h3 Bh5 11. Nf3 Bd6 12. Qd2 Nd5 13. Ne5 c5 14. Bb5+
Ke7 15. Qg5+ Nf6 16. Nd7 h6 17. Qh4 Bg6 18. dxc5 Bc7 19. Be3 Bf5 20. Nxf6
gxf6 21. Rd1 Qg8 22. Rd7+ Kf8 23. Bxh6+ Ke8 24. Qxf6 Rxh6 25. Qe7#
{Black checkmated}
1-0

[Event "ICC tourney 2045 (75 10)"]
[Site "Internet Chess Club"]
[Date "2020.10.10"]
[Round "4"]
[White "dynamic-lucy"]
[Black "oliver-kc"]
[Result "0-1"]
[ICCResult "White checkmated"]
[WhiteElo "931"]
[BlackElo "774"]
[Opening "Sicilian: dragon variation"]
[ECO "B70"]
[NIC "SI.15"]
[Time "18:32:41"]
[TimeControl "4500+10"]

1. e4 c5 2. Nf3 d6 3. d4 cxd4 4. Nxd4 Nf6 5. Nc3 g6 6. Bb5+ Bd7 7. Bg5 Bg7
8. O-O O-O 9. Re1 a6 10. Bxd7 Nbxd7 11. Qd2 Ne5 12. Bh6 Nc4 13. Qc1 Qb6 14.
Nb3 Ng4 15. Be3 Ncxe3 16. fxe3 a5 17. Nd5 Qd8 18. c3 e6 19. Nf4 a4 20. Nd4
e5 21. Nde2 exf4 22. exf4 Qb6+ 23. Kh1 Nf2+ 24. Kg1 Nh3+ 25. Kh1 Qg1+ 26.
Rxg1 Nf2# {White checkmated} 0-1

[Event "ICC tourney 2045 (75 10)"]
[Site "Internet Chess Club"]
[Date "2020.10.10"]
[Round "4"]
[White "AJRChess2011"]
[Black "sganesh2004"]
[Result "1/2-1/2"]
[ICCResult "Game drawn by mutual agreement"]
[WhiteElo "1286"]
[BlackElo "1036"]
[Opening "Scandinavian: Pytel-Wade variation"]
[ECO "B01"]
[NIC "SD.02"]
[Time "18:32:39"]
[TimeControl "4500+10"]

1. e4 d5 2. exd5 Qxd5 3. Nc3 Qd6 4. d4 Nf6 5. Nf3 Bg4 6. Be3 c6 7. Be2 Nbd7
8. Qd2 e6 9. Bf4 Qb4 10. O-O Be7 11. a3 Qb6 12. Na4 Qd8 13. h3 Bxf3 14. Bxf3
O-O 15. Rfe1 Nb6 16. Nxb6 Qxb6 17. c4 Rfd8 18. Qc3 Qxd4 19. Qc1 Bc5 20. Be3
Qe5 21. Bf4 Qd4 22. Be3 Qd6 23. Bf4 Qe7 {Game drawn by mutual agreement}
1/2-1/2

[Event "ICC tourney 2045 (75 10)"]
[Site "Internet Chess Club"]
[Date "2020.10.10"]
[Round "4"]
[White "april2012"]
[Black "boxingguy2469x"]
[Result "1-0"]
[ICCResult "Black resigns"]
[WhiteElo "1222"]
[BlackElo "1135"]
[Opening "Queen's pawn: London system"]
[ECO "A45"]
[NIC "QP.07"]
[Time "18:32:46"]
[TimeControl "4500+10"]

1. d4 Nf6 2. Bf4 e6 3. e3 b6 4. c3 Bb7 5. Nf3 d5 6. Bd3 Bd6 7. Bg3 c5 8.
Nbd2 c4 9. Bc2 Qc7 10. Qe2 Nbd7 11. e4 dxe4 12. Nxe4 Bxg3 13. Nxf6+ Nxf6 14.
fxg3 O-O 15. O-O-O Rfe8 16. h4 Ng4 17. Rh3 e5 18. Ng5 exd4 19. Qxg4 g6 20.
Nf3 Bc8 21. Qf4 Qxf4+ 22. gxf4 Bxh3 23. gxh3 dxc3 24. bxc3 Re3 25. Ng5 Rxc3
26. Rd7 h6 27. Nxf7 Rxh3 28. Nxh6+ Kh8 29. Bxg6 Rh1+ 30. Kb2 Rh2+ 31. Kc3
Rh3+ 32. Kxc4 Rc8+ 33. Kb5 Rc5+ 34. Ka6 Ra3+ 35. Kb7 {Black resigns} 1-0

[Event "ICC tourney 2045 (75 10)"]
[Site "Internet Chess Club"]
[Date "2020.10.10"]
[Round "4"]
[White "nb12"]
[Black "lucachesschess"]
[Result "0-1"]
[ICCResult "White resigns"]
[WhiteElo "1153"]
[BlackElo "1248"]
[Opening "Scandinavian (center counter) defense"]
[ECO "B01"]
[NIC "SD.02"]
[Time "18:32:54"]
[TimeControl "4500+10"]

1. e4 d5 2. exd5 Qxd5 3. Nc3 Qd8 4. Bc4 Nf6 5. Nf3 Bf5 6. d3 e6 7. O-O Be7
8. Be3 h6 9. Re1 O-O 10. Qd2 Nbd7 11. Rad1 c6 12. d4 Nb6 13. Bd3 Bxd3 14.
Qxd3 Nbd5 15. Nxd5 cxd5 16. Qb5 Qc7 17. c3 a6 18. Qd3 b5 19. b3 Rac8 20. Rc1
Bd6 21. h3 Bf4 22. Bxf4 Qxf4 23. c4 bxc4 24. bxc4 dxc4 25. Rxc4 Rxc4 26.
Qxc4 Qd6 27. Qc5 Qxc5 28. dxc5 Rc8 29. Rc1 Kf8 30. Kf1 Ke7 31. Ke2 Ne4 32.
c6 Kd6 33. Nd4 Kd5 34. Ke3 Nxf2 35. Nxe6 Kxe6 36. Kxf2 Kd6 37. Kg3 Rxc6 38.
Rxc6+ Kxc6 39. Kf4 Kd5 40. Kf5 a5 41. g4 a4 42. h4 Kd4 43. h5 a3 44. Kf4 Kc3
45. Ke4 Kb2 46. Kd3 Kxa2 47. Kc2 f6 48. Kc1 Kb3 49. Kb1 Kc3 50. Ka2 Kd4 51.
Kxa3 Ke3 52. Kb3 Kf4 53. Kc4 Kxg4 {White resigns} 0-1